AoeStats
← iAlejandrouae

Fortress

509317139Analyzed
4v4 RM · 5d ago on Sep 26, 2026· 47m 59s· 8 players
Game mode
Random Map
Map size
Huge
Population
200
Speed
Normal
Resources
Standard
Victory
Conquest
Starting age
Dark Age
Ending age
Imperial Age
RankedLock teamsTeams togetherTeam positionsShared explorationLock speedFull tech treeHidden civsTurbo modeCheats
Victory
Defeat
🇯🇵 Slavs · Japan
1800
+4
🇨🇳 Magyars · China
1667
+8
🇪🇸 Varangians · Spain
1622
+9
🇹🇼 Danes · Taiwan
1440
+15
🇦🇷 Portuguese · Argentina
1582
-13
🇧🇷 Varangians · Brazil
1491
-10
🇮🇳 Franks · India
1418
-7
🇦🇺 Khitans · Australia
1377
-6
NeeNee
7:09 Feudal Age
10:45 Castle Age
8:31 Double-Bit Axe
9:06 Horse Collar
13:08 Bow Saw
13:37 Heavy Plow
14:41 Loom
18:15 Wheelbarrow
18:01 Gold Mining
23:17 Imperial Age
20:37 Town Watch
21:00 Squires
20:55 Stone Mining
21:13 Detinets
21:15 Scale Mail Armor
21:57 Forging
21:08 Pikeman
22:44 Gold Shaft Mining
22:46 Chain Mail Armor
23:43 Iron Casting
24:04 Hand Cart
23:21 Capped Ram
24:30 Conscription
25:38 Two-Man Saw
25:05 Halberdier
27:08 Plate Mail Armor
26:43 Siege Ram
27:56 Caravan
28:36 Padded Archer Armor
29:36 Blast Furnace
29:30 Fletching
30:41 Chemistry
31:24 Bodkin Arrow
31:51 Ballistics
31:42 Masonry
31:42 Scale Barding Armor
32:58 Bloodlines
36:25 Elite Boyar
37:27 Chain Barding Armor
36:51 Elite Boyar
38:32 Hoardings
37:37 Onager
40:10 Padded Archer Armor
45:06 Plate Barding Armor
44:41 Siege Engineers
44:56 Ballistics
44:38 Padded Archer Armor
45:28 Murder Holes
45:44 Fortified Wall
46:57 Druzhina
48:29 Leather Archer Armor
sawadcard
7:10 Feudal Age
10:50 Castle Age
8:49 Double-Bit Axe
9:24 Horse Collar
10:25 Scale Mail Armor
11:42 Wheelbarrow
11:45 Bow Saw
13:34 Arson
13:56 Squires
14:49 Arson
17:04 Chain Mail Armor
17:50 Forging
20:03 Hand Cart
22:10 Iron Casting
21:48 Town Watch
23:36 Loom
26:24 Gold Mining
31:24 Imperial Age
30:11 Heavy Plow
31:52 Onager
32:31 Capped Ram
34:04 Northmen's Fury
35:04 Conscription
35:09 Siege Onager
38:29 Siege Engineers
42:09 Stone Mining
jdac
7:15 Feudal Age
8:27 Double-Bit Axe
11:21 Castle Age
9:14 Horse Collar
12:41 Bow Saw
13:02 Heavy Plow
14:53 Loom
18:27 Gold Mining
19:37 Wheelbarrow
19:23 Stone Mining
20:59 Hand Cart
24:56 Imperial Age
22:13 Town Watch
22:53 Scale Barding Armor
23:30 Bloodlines
24:17 Forging
26:23 Chain Barding Armor
27:29 Conscription
28:08 Plate Barding Armor
28:11 Husbandry
28:48 Iron Casting
29:08 Masonry
31:27 Two-Man Saw
30:58 Crop Rotation
31:04 Stone Shaft Mining
30:14 Elite Jarl
32:08 Fletching
33:19 Blast Furnace
32:52 Bodkin Arrow
33:56 Ballistics
34:37 Chemistry
34:07 Architecture
34:21 Vendel Legacy
34:23 Cavalier
35:30 Bracer
39:56 Light Cavalry
40:35 Hussar
小白
7:49 Feudal Age
11:31 Castle Age
9:24 Horse Collar
9:49 Double-Bit Axe
14:04 Bow Saw
14:20 Loom
18:17 Heavy Plow
19:31 Wheelbarrow
19:37 Gold Mining
22:03 Gold Shaft Mining
22:37 Ballistics
26:21 Imperial Age
23:59 Husbandry
24:10 Bloodlines
24:14 Fletching
24:33 Thumb Ring
24:45 Stone Mining
24:55 Bodkin Arrow
25:20 Padded Archer Armor
26:15 Hand Cart
26:45 Leather Archer Armor
26:22 Heavy Cavalry Archer
27:03 Bracer
27:16 Recurve Bow
27:48 Parthian Tactics
28:40 Chemistry
28:57 Two-Man Saw
28:41 Crop Rotation
29:07 Leather Archer Armor
30:14 Conscription
30:51 Corvinian Army
30:57 Scale Barding Armor
31:33 Ring Archer Armor
32:16 Scale Barding Armor
33:50 Coinage
33:57 Chain Barding Armor
34:33 Murder Holes
34:07 Elite Magyar Huszar
36:22 Plate Barding Armor
36:36 Banking
38:47 Masonry
41:30 Caravan
Sorrateiro
8:01 Feudal Age
11:34 Castle Age
9:30 Double-Bit Axe
9:59 Horse Collar
10:50 Gold Mining
13:47 Bow Saw
13:25 Town Watch
13:39 Loom
17:21 Stone Mining
20:33 Wheelbarrow
24:53 Imperial Age
23:07 Stone Shaft Mining
23:00 Heavy Plow
23:24 Scale Barding Armor
23:31 Forging
24:44 Chain Barding Armor
24:42 Fortified Wall
26:42 Ballistics
28:12 Two-Man Saw
27:43 Crop Rotation
28:21 Plate Barding Armor
28:22 Iron Casting
28:22 Conscription
27:29 Vendel Legacy
29:36 Bloodlines
29:27 Husbandry
29:04 Elite Jarl
30:14 Hand Cart
31:59 Blast Furnace
33:09 Chemistry
31:50 Treadmill Crane
32:20 Masonry
33:10 Light Cavalry
34:18 Siege Engineers
36:27 Caravan
36:58 Coinage
36:40 Guilds
39:17 Architecture
40:32 Hussar
iAlejandrouae
8:19 Feudal Age
9:04 Double-Bit Axe
9:05 Horse Collar
12:02 Castle Age
13:44 Wheelbarrow
15:25 Bow Saw
16:41 Heavy Plow
17:09 Town Watch
18:30 Gold Mining
21:31 Coinage
21:42 Stone Mining
26:08 Imperial Age
23:35 Loom
26:20 Stone Shaft Mining
26:07 Hand Cart
27:57 Conscription
26:59 Elite Organ Gun
28:47 Chemistry
28:12 Conscription
27:17 Elite Organ Gun
28:21 Siege Engineers
29:57 Two-Man Saw
30:22 Fletching
30:59 Ballistics
32:34 Arquebus
33:52 Masonry
36:46 Caravan
38:24 Treadmill Crane
39:14 Architecture
41:57 Banking
42:10 Banking
Damir
8:53 Feudal Age
10:25 Double-Bit Axe
10:41 Gold Mining
13:22 Castle Age
12:16 Domestication
14:21 Lamellar Armor
16:01 Bow Saw
15:57 Squires
16:06 Arson
16:58 Scale Mail Armor
18:01 Forging
21:26 Loom
28:33 Chain Mail Armor
28:54 Iron Casting
37:08 Imperial Age
35:14 Wheelbarrow
34:25 Town Watch
34:25 Loom
36:51 Hand Cart
37:59 Scale Barding Armor
38:43 Conscription
38:00 Elite Fire Lancer
39:39 Husbandry
41:01 Chain Barding Armor
40:10 Heavy Camel Rider
41:37 Ordo Cavalry
47:30 Plate Barding Armor
46:56 Pikeman
Maverick
7:14 Feudal Age
11:11 Castle Age
9:47 Double-Bit Axe
12:27 Bow Saw
16:59 Loom
19:04 Wheelbarrow
20:17 Hand Cart
20:14 Gold Mining
24:14 Imperial Age
21:53 Scale Barding Armor
21:59 Forging
22:57 Gold Shaft Mining
23:14 Chain Barding Armor
23:48 Husbandry
24:26 Iron Casting
25:04 Chivalry
25:25 Conscription
24:34 Cavalier
26:10 Paladin
27:40 Plate Barding Armor
28:37 Blast Furnace
37:09 Stone Mining
38:07 Caravan
38:01 Light Cavalry
Connection lost

Rejoining the realm…

Still unreachable

The connection could not be restored.

Session expired

The server has moved on; the page needs a fresh start.